 Dungeon Sprint DCSS version 0.25.1-2-g60ff931df9 (webtiles) character file.

Game seed: 13079094393368007854

7065 howech the Thaumaturge (level 11, -25/89 HPs)
             Began as a Gnoll Fire Elementalist on Nov 5, 2020.
             Was a High Priest of Okawaru.
             Killed from afar by a deep elf knight (30 damage)
             ... with a shard of ice
             ... in the Dungeon (Sprint V: "Ziggurat Sprint").
             The game lasted 00:08:55 (1044 turns).

howech the Thaumaturge (Gnoll Fire Elementalist)    Turns: 1044, Time: 00:08:56

Health: -25/89     AC: 19    Str: 10    XL:     11   Next: 9%
Magic:  17/25      EV: 15    Int: 20    God:    Okawaru [*****.]
Gold:   0          SH: 32    Dex: 29    Spells: 21/31 levels left

rFire    + + .     SeeInvis +   a - +7 Screaming Sword {vorpal, sonic wave}
rCold    x . .     Gourm    .   c - +18 shield of the Gong {rElec rN+ MR+ EV-5}
rNeg     + . .     Faith    .   b - +5 fire dragon scales
rPois    .         Spirit   .   K - +0 mask of the Dragon {MR+ Slay+3 SInv}
rElec    +         Reflect  .   (no cloak)
rCorr    .         Harm     .   (no gloves)
MR       ++...     NoTele   +   M - +0 pair of boots {Stlth+}
Stlth    ++++++....             (no amulet)
HPRegen  0.24/turn              z - +6 ring of dexterity
MPRegen  0.19/turn              A - +6 ring of dexterity

@: lethally poisoned (-25 -> -54), heroism, very slightly contaminated
A: distributed training, fangs 1, strong nose
a: Heroism, Finesse, Renounce Religion


You were in the Dungeon.
You worshipped Okawaru.
Okawaru was extremely pleased with you.
You were not hungry.

You visited 1 branch

Inventory:

Hand Weapons
 a - the +7 Screaming Sword (weapon) {vorpal, sonic wave}
   (You found it in the Dungeon)

   It inflicts extra damage upon your enemies.
Missiles
 J - 7 silver javelins (quivered)
Armour
 b - +5 fire dragon scales (worn)
 c - the +18 shield of the Gong (worn) {rElec rN+ MR+ EV-5}
   (You found it in the Dungeon)

   It affects your evasion (-5).
   It insulates you from electricity.
   It protects you from negative energy.
   It affects your resistance to hostile enchantments.
 K - the +0 mask of the Dragon (worn) {MR+ Slay+3 SInv}
   (You found it in the Dungeon)

   It affects your accuracy and damage with ranged weapons and melee attacks
   (+3).
   It affects your resistance to hostile enchantments.
   It lets you see invisible.
 M - a +0 pair of boots of stealth (worn)
Jewellery
 z - a +6 ring of dexterity (left hand)
 A - a +6 ring of dexterity (right hand)
 B - a +6 ring of intelligence
 C - a +6 ring of intelligence
 D - a +6 ring of strength
 E - a +6 ring of strength
 I - the ring "Kias Waep" {rN+ MR++ MP+9 Int-3}
   (You found it in the Dungeon)

   [ring of magical power]

   It affects your intelligence (-3).
   It protects you from negative energy.
   It affects your resistance to hostile enchantments.
   It affects your magic capacity (+9).
 L - an uncursed ring of protection from fire
Wands
 v - a wand of disintegration (7)
 w - a wand of iceblast (7)
 x - a wand of acid (7)
Scrolls
 i - 4 scrolls of blinking
 m - 4 scrolls of enchant weapon
 p - 4 scrolls of amnesia
 q - 8 scrolls of fog
 r - a scroll of holy word
 s - 5 scrolls of identify
 t - 5 scrolls of remove curse
 u - 2 scrolls of fear
 y - a scroll of brand weapon
Potions
 d - 10 potions of curing
 e - 7 potions of heal wounds
 f - 10 potions of haste
 g - 7 potions of magic
 h - 3 potions of berserk rage
 j - 2 potions of brilliance
 k - a potion of invisibility
 l - 4 potions of resistance
 n - 5 potions of stabbing
 o - 5 potions of might
Miscellaneous
 F - a lightning rod (4/4)
Comestibles
 G - 7 rations


   Skills:
 + Level 9.6(14.6) Fighting
 + Level 9.6(14.6) Short Blades
 + Level 9.6(14.6) Long Blades
 + Level 9.6(14.6) Axes
 + Level 9.6(14.6) Maces & Flails
 + Level 9.6(14.6) Polearms
 + Level 9.6(14.6) Staves
 + Level 9.6(14.6) Slings
 + Level 9.6(14.6) Bows
 + Level 9.6(14.6) Crossbows
 + Level 9.6(14.6) Throwing
 + Level 9.6(14.6) Armour
 + Level 10.6(15.6) Dodging
 + Level 10.4(15.4) Stealth
 + Level 9.6(14.6) Shields
 + Level 9.6(14.6) Unarmed Combat
 + Level 10.8 Spellcasting
 + Level 8.4 Conjurations
 + Level 8.1 Hexes
 + Level 8.1 Charms
 + Level 8.1 Summonings
 + Level 8.1 Necromancy
 + Level 8.1 Translocations
 + Level 8.1 Transmutations
 + Level 9.8 Fire Magic
 + Level 8.1 Ice Magic
 + Level 8.1 Air Magic
 + Level 8.1 Earth Magic
 + Level 8.1 Poison Magic
 + Level 10.4 Invocations
 + Level 9.6 Evocations


You had 21 spell levels left.
You knew the following spells:

 Your Spells              Type           Power        Failure   Level  Hunger
a - Foxfire               Conj/Fire      ####         1%          1    None
b - Fireball              Conj/Fire      #####.....   22%         5    ####...
c - Passage of Golubria   Tloc           N/A          12%         4    ##.....

Your spell library contained the following spells:

 Spells                   Type           Power        Failure   Level  Hunger
 Apportation              Tloc           #####.       1%          1    None
 Summon Butterflies       Summ           #####...     1%          1    None
 Passwall                 Tmut/Erth      #####...     1%          2    None
 Poisonous Vapours        Pois/Air       #####.       1%          2    None
 Swiftness                Chrm/Air       #####...     1%          2    None
 Conjure Flame            Conj/Fire      #####...     2%          3    None
 Inner Flame              Hex/Fire       #####...     2%          3    None
 Confusing Touch          Hex            #####...     3%          3    None
 Gell's Gravitas          Tloc           #####.....   3%          3    None
 Ignite Poison            Fire/Tmut/Pois #####...     3%          3    None
 Lesser Beckoning         Tloc           #####.....   3%          3    None
 Mephitic Cloud           Conj/Pois/Air  #####...     3%          3    None
 Portal Projectile        Hex/Tloc       #####.       3%          3    None
 Spider Form              Tmut/Pois      #####.....   3%          3    None
 Tukima's Dance           Hex            #####...     3%          3    None
 Sticky Flame             Conj/Fire      #####...     9%          4    ##.....
 Petrify                  Tmut/Erth      #####...     12%         4    ##.....
 Alistair's Intoxication  Tmut/Pois      #####...     34%         5    ####...
 Lee's Rapid Deconstruct  Erth           #####.....   34%         5    ####...
 Metabolic Englaciation   Hex/Ice        #####.....   34%         5    ####...
 Yara's Violent Unravell  Hex/Tmut       #####.....   34%         5    ####...
 Darkness                 Hex            #####.....   88%         6    ######.
 Dispersal                Tloc           #####.....   88%         6    ######.
 Invisibility             Hex            #####...     88%         6    ######.
 Controlled Blink         Tloc           N/A          100%        8    #######
 Disjunction              Tloc           #####.....   100%        8    #######


Dungeon Overview and Level Annotations

Branches:
Dungeon (1/1)

Altars:
Ashenzari
Cheibriados
Dithmenos
Elyvilon
Fedhas
Gozag
Hepliaklqana
Kikubaaqudgha
Makhleb
Nemelex Xobeh
Okawaru
Qazlal
Ru
Sif Muna
Trog
Uskayaw
Vehumet
Wu Jian
Xom
Yredelemnul
Zin
The Shining One
Beogh
Jiyva
Lugonu

Annotations:
D 1 transporter


Innate Abilities, Weirdness & Mutations

Your experience applies equally to all skills.
You have very sharp teeth.
Your uncanny sense of smell can sniff out nearby items.


Message History

You riposte.
You miss the deep elf blademaster. You bite the deep elf blademaster.
The deep elf blademaster is lightly wounded.
The deep elf blademaster hits you with a +0 rapier!
The deep elf high priest shouts, "You are a heretic and must be destroyed!"
You block the deep elf high priest's attack.
GONNNNG!
The deep elf master archer shoots an arrow.
The arrow hits you!
* * * LOW HITPOINT WARNING * * *
You block the deep elf knight's attack.
GONNNNG!
The deep elf mage casts a spell.
The deep elf mage blinks!
The +2 glaive of venom hits you from afar!
* * * LOW HITPOINT WARNING * * *
You are more poisoned.
The deep elf knight casts a spell at you.
The shard of ice hits you!!
You feel a painful chill!
You die...

▓....©....▓...©...▓
▓▓▓▓▓▓▓▓▓▓▓▓▓▓▓▓▓▓▓▓▓
▓...8©8...▓...8©8...▓
∆
▓..))e:}..▓..))[|^..▓
▓..[}|))..▓...^..[..▓
▓.........▓.........▓
▓..§°.((§.▓.........▓
▓..°eee°..▓.........▓
▓..○e@e...▓....)....▓
▓...E..^..▓.........▓
▓.▓.....▓.▓....©....▓
▓....©....▓▓▓▓▓▓▓▓▓▓▓
▓▓▓▓▓▓▓▓▓▓▓ ∆∆∆∆∆∆∆∆
∆∆∆∆∆∆∆∆∆ ∆
∆∆∆∆∆∆∆∆∆∆∆∆∆∆∆∆∆∆ ∆
∆∆∆∆∆∆∆∆∆∆∆∆∆∆∆∆∆∆


You could see a deep elf blademaster, a deep elf master archer, 2 deep elf
knights, a deep elf high priest (brilliance aura), a deep elf mage (empowered),
a fire elemental and 2 dancing weapons.

Vanquished Creatures
  A dancing weapon (D)
  A thrashing horror (D)
  2 deep elf knights (D)
  A worldbinder (D)
  An orange demon (D)
  A freezing wraith (D)
  2 ice devils (D)
  3 merfolk (D)
  A polar bear (D)
  A slime creature (D)
  2 tarantellas (D)
  3 spriggans (D)
  A golden eye (D)
  A black bear (D)
  2 ice beasts (D)
  3 wolves (D)
  2 centaurs (D)
  An earth elemental (D)
  5 scorpions (D)
  2 crimson imps (D)
  4 jellies (D)
  3 orc priests (D)
  An orc wizard (D)
  An iron imp (D)
  3 white imps (D)
  2 oozes (D)
  An orc (D)
  2 bat zombies (D)
53 creatures vanquished.

Vanquished Creatures (others)
  Eustachio (D)
  A centaur (D)
2 creatures vanquished.

Grand Total: 55 creatures vanquished

Notes
Turn   | Place    | Note
-------+----------+-------------------------------------------
     0 | D        | howech the Gnoll Fire Elementalist began the quest for the
                  | Orb.
     0 | D        | Reached XP level 1. HP: 13/13 MP: 6/6
     3 | D        | Found a blossoming altar of Fedhas.
     4 | D        | Found the +6 Majin-Bo {vamp, Archmagi MP+6 Int+6}
     4 | D        | Found the +7 great mace "Firestarter" {inner flame, rF++}
     5 | D        | Found a shimmering blue altar of Sif Muna.
     5 | D        | Found a sacrificial altar of Ru.
     5 | D        | Found a bloodstained altar of Trog.
     5 | D        | Found a stormy altar of Qazlal.
     5 | D        | Found an iron altar of Okawaru.
     5 | D        | Found a sparkling altar of Nemelex Xobeh.
     5 | D        | Killed Eustachio
     7 | D        | Found a transporter.
     7 | D        | Found an ancient bone altar of Kikubaaqudgha.
     7 | D        | Found a viscous altar of Jiyva.
     7 | D        | Found a corrupted altar of Lugonu.
     7 | D        | Found a hazy altar of Hepliaklqana.
     7 | D        | Found a burning altar of Makhleb.
     7 | D        | Found an opulent altar of Gozag.
    25 | D        | Found the +9 heavy crossbow "Sniper" {vorpal, Acc+∞ SInv}
    25 | D        | Found the +10 dark maul {vorpal}
    25 | D        | Found the +15 Maxwell's patent armour {-Cast -Tele rElec
                  | MR+ rCorr}
    25 | D        | Found the +18 shield of the Gong {rElec rN+ MR+ EV-5}
    25 | D        | Found the cursed +14 obsidian axe {vorpal, +Fly SInv
                  | *Curse}
    27 | D        | Found the +6 shillelagh "Devastator" {shatter}
    27 | D        | Found the +11 plutonium sword {*Contam Stlth-}
    27 | D        | Found the +8 lance "Wyrmbane" {slay drac, rPois rF+ rC+
                  | AC+3}
    27 | D        | Found the +9 sword of Zonguldrok {reap}
    27 | D        | Found the cursed +13 scythe of Curses {drain, *Curse}
    27 | D        | Found the +0 sword of Power
    27 | D        | Found the +7 mace of Variability {chain chaos}
    27 | D        | Found the +7 Singing Sword {vorpal, sonic wave}
    27 | D        | Found the +8 storm bow {elec, penet}
    51 | D        | Became a worshipper of Warmaster Okawaru
    52 | D        | Reached skill level 5 in Dodging
    52 | D        | Reached skill level 5 in Spellcasting
    52 | D        | Reached skill level 1 in Hexes
    52 | D        | Reached skill level 1 in Charms
    52 | D        | Reached skill level 1 in Summonings
    52 | D        | Reached skill level 1 in Necromancy
    52 | D        | Reached skill level 1 in Translocations
    52 | D        | Reached skill level 1 in Transmutations
    52 | D        | Reached skill level 1 in Ice Magic
    52 | D        | Reached skill level 1 in Air Magic
    52 | D        | Reached skill level 1 in Earth Magic
    52 | D        | Reached skill level 1 in Poison Magic
    52 | D        | Reached XP level 2. HP: 22/22 MP: 6/8
   172 | D        | Entered arena 2.
   172 | D        | Noticed an ice beast
   172 | D        | Found a transporter.
   175 | D        | Killed an ice beast
   175 | D        | Reached * piety under Okawaru
   175 | D        | Reached skill level 5 in Stealth
   175 | D        | Reached XP level 3. HP: 29/29 MP: 8/10
   175 | D        | Reached XP level 4. HP: 35/35 MP: 9/12
   184 | D        | Entered arena 3.
   184 | D        | Noticed a tarantella
   184 | D        | Found a transporter.
   190 | D        | Reached XP level 5. HP: 36/42 MP: 11/13
   191 | D        | Killed a tarantella
   191 | D        | Reached ** piety under Okawaru
   191 | D        | Reached skill level 5 in Invocations
   191 | D        | Reached XP level 6. HP: 32/50 MP: 12/16
   365 | D        | Entered arena 4.
   365 | D        | Noticed a +2 vorpal long sword
   365 | D        | Noticed a deep elf knight
   365 | D        | Noticed a deep elf knight
   365 | D        | Found a transporter.
   376 | D        | Killed a +2 vorpal long sword
   376 | D        | Reached *** piety under Okawaru
   376 | D        | Reached **** piety under Okawaru
   376 | D        | Reached skill level 5 in Conjurations
   376 | D        | Reached skill level 5 in Hexes
   376 | D        | Reached skill level 5 in Charms
   376 | D        | Reached skill level 5 in Summonings
   376 | D        | Reached skill level 5 in Necromancy
   376 | D        | Reached skill level 5 in Translocations
   376 | D        | Reached skill level 5 in Transmutations
   376 | D        | Reached skill level 5 in Ice Magic
   376 | D        | Reached skill level 5 in Air Magic
   376 | D        | Reached skill level 5 in Earth Magic
   376 | D        | Reached skill level 5 in Poison Magic
   376 | D        | Reached XP level 7. HP: 31/58 MP: 16/18
   376 | D        | Reached XP level 8. HP: 34/64 MP: 17/20
   376 | D        | Killed a deep elf knight
   377 | D        | Killed a deep elf knight
   377 | D        | Reached ***** piety under Okawaru
   377 | D        | Reached XP level 9. HP: 38/72 MP: 17/22
   529 | D        | Entered arena 5.
   529 | D        | Found a transporter.
   544 | D        | Got the ring "Kias Waep" {rN+ MR++ MP+9 Int-3}
   556 | D        | Learned a level 5 spell: Fireball
   557 | D        | Entered arena 6.
   557 | D        | Found a transporter.
   559 | D        | Received a gift from Okawaru
   577 | D        | Entered arena 7.
   577 | D        | Noticed a freezing wraith
   577 | D        | Noticed an ice devil
   577 | D        | Noticed a polar bear
   577 | D        | Noticed an ice devil
   578 | D        | Found a transporter.
   583 | D        | Killed an ice devil
   584 | D        | Killed an ice devil
   587 | D        | Killed a freezing wraith
   587 | D        | Received a gift from Okawaru
   587 | D        | Reached XP level 10. HP: 72/80 MP: 23/23
   587 | D        | Received a gift from Okawaru
   620 | D        | Entered arena 8.
   621 | D        | Found a transporter.
   629 | D        | Received a gift from Okawaru
   629 | D        | Reached skill level 10 in Spellcasting
   634 | D        | Got Rodghe Vuko's Papyrus of Supportive Poison
   660 | D        | Learned a level 4 spell: Passage of Golubria
   683 | D        | Entered arena 9.
   684 | D        | Found a transporter.
   689 | D        | Reached skill level 10 in Dodging
   697 | D        | Received a gift from Okawaru
   704 | D        | Reached skill level 10 in Stealth
   857 | D        | Entered arena 10.
   858 | D        | Found the +0 mask of the Dragon {MR+ Slay+3 SInv}
   858 | D        | Found a transporter.
   866 | D        | Reached skill level 10 in Invocations
   916 | D        | Entered arena 11.
   916 | D        | Noticed a worldbinder
   916 | D        | Noticed an orange demon
   916 | D        | Noticed a thrashing horror
   917 | D        | Found a transporter.
   923 | D        | Killed a thrashing horror
   923 | D        | Received a gift from Okawaru
   925 | D        | Killed a worldbinder
   925 | D        | Reached XP level 11. HP: 89/89 MP: 14/25
  1034 | D        | Entered arena 12.
  1034 | D        | Noticed a deep elf high priest
  1034 | D        | Noticed a deep elf knight
  1034 | D        | Noticed a deep elf blademaster
  1034 | D        | Noticed a deep elf knight
  1035 | D        | Noticed a deep elf master archer
  1035 | D        | Noticed a +2 glaive of venom
  1035 | D        | Noticed a deep elf mage
  1035 | D        | Noticed a +3 halberd of protection
  1037 | D        | Found a transporter.
  1044 | D        | Killed from afar by a deep elf knight

Illustrated notes

Levels and vault maps discovered:
D:        sprint_v [room_start, room_1, room_2, room_3, room_4, room_5, room_6,
          room_7, room_8, room_9, room_10, room_11, room_12, room_13, room_14,
          room_15, room_16, room_17, room_18, room_19, room_20, room_21,
          room_22, room_23, room_24, room_25, room_26, room_27]

Skill      XL: |  1  2  3  4  5  6  7  8  9 10 |
---------------+-------------------------------+-----
Fighting       | 2 3 4 6 7 8 9 |  9.6
Short Blades   | 2 3 4 6 7 8 9 |  9.6
Long Blades    | 2 3 4 6 7 8 9 |  9.6
Axes           | 2 3 4 6 7 8 9 |  9.6
Maces & Flails | 2 3 4 6 7 8 9 |  9.6
Polearms       | 2 3 4 6 7 8 9 |  9.6
Staves         | 2 3 4 6 7 8 9 |  9.6
Slings         | 2 3 4 6 7 8 9 |  9.6
Bows           | 2 3 4 6 7 8 9 |  9.6
Crossbows      | 2 3 4 6 7 8 9 |  9.6
Throwing       | 2 3 4 6 7 8 9 |  9.6
Armour         | 2 3 4 6 7 8 9 |  9.6
Dodging        | 5 6 7 8 9 10 | 10.6
Shields        | 2 3 4 6 7 8 9 |  9.6
Unarmed Combat | 2 3 4 6 7 8 9 |  9.6
Spellcasting   | 5 6 7 8 9 10 | 10.8
Conjurations   | 2 3 4 5 6 7 8 |  8.4
Hexes          | 1 2 3 4 5 6 8 |  8.1
Charms         | 1 2 3 4 5 6 8 |  8.1
Summonings     | 1 2 3 4 5 6 8 |  8.1
Necromancy     | 1 2 3 4 5 6 8 |  8.1
Translocations | 1 2 3 4 5 6 8 |  8.1
Transmutations | 1 2 3 4 5 6 8 |  8.1
Ice Magic      | 1 2 3 4 5 6 8 |  8.1
Air Magic      | 1 2 3 4 5 6 8 |  8.1
Earth Magic    | 1 2 3 4 5 6 8 |  8.1
Poison Magic   | 1 2 3 4 5 6 8 |  8.1
Invocations    | 2 3 4 5 6 8 9 10 | 10.4
Evocations     | 2 3 4 6 7 8 9 |  9.6
Stealth        | 5 6 7 8 9 10 | 10.4
Fire Magic     | 6 7 8 9 |  9.8

Action                   |  1- 3 |  4- 6 |  7- 9 | 10-12 || total
-------------------------+-------+-------+-------+-------++-------
Melee: Double sword      |     1 |    12 |    25 |    45 ||    83
       Bite              |       |     2 |     3 |     4 ||     9
 Cast: Passage of Golubr |       |       |       |     5 ||     5
Invok: Heroism           |       |     1 |     2 |     7 ||    10
       Finesse           |       |       |       |     1 ||     1
  Use: Potion            |     2 |     2 |       |     1 ||     5
 Stab: Sleeping          |     1 |     1 |     1 |     1 ||     4
  Eat: Ration            |       |       |       |     1 ||     1
Armor: Fire dragon scale |       |     2 |     5 |    21 ||    28
Dodge: Dodged            |       |     4 |     6 |    24 ||    34
Block: Kite shield       |       |    22 |    28 |   117 ||   167
       Rpst.: Double sword |       |     3 |     2 |     4 ||     9
